cohdb
Replays
Latest Replays
All Replays
Popular Replays
Top Player Replays
Match Explorer
How It Works
Community
CoH3 Stats
Reddit
Sign in to upload your games and track your stats! →
Sign in with Steam
Match 45481329
Unlisted
Match 45481329
Overview
Messages
Build Orders
End
Construct Infanterie Kompanie
Selects Terror Battlegroup
MG 42 Machine Gun Team
MG 42 Machine Gun Team
GrW 34 Mortar Team
GrW 34 Mortar Team
Construct Panzergrenadier Kompanie
Panzergrenadier Squad
MG 42 Machine Gun Team
Support Elements
StuG III G Assault Gun
Panzergrenadier Squad
MrBiggles
cxlsapsdz
mi prima de Cifuentes
BERSAGLIERI
Sabersama
saint087
100%eighty
ARC_RAID
0
0
Comments
sign in to comment!
No comments posted yet!